 Dungeon Sprint DCSS version 0.27-a0-279-gdfb9265905 (webtiles) character file.

Game seed: 8987485805052289575

2352 mhtbhm the Cleaver (level 9, -7/86 HPs)
             Began as a Minotaur Fighter on Feb 7, 2021.
             Was the Champion of Trog.
             Killed from afar by a deep elf zephyrmancer (29 damage)
             ... with a bolt of lightning
             ... in the Dungeon (Sprint VII: "The Pits").
             The game lasted 00:03:41 (938 turns).

mhtbhm the Cleaver (Minotaur Fighter)                Turns: 938, Time: 00:03:41

Health: -7/86      AC: 18    Str: 25    XL:     9   Next: 20%
Magic:  8/8        EV: 11    Int:  8    God:    Trog [******]
Gold:   0          SH: 13    Dex:  9    Spells: 8/8 levels left

rFire    . . .     SeeInvis .   a - +1 broad axe (vorpal)
rCold    . . .     Faith    .   c - +0 kite shield
rNeg     . . .     Spirit   .   b - +4 scale mail
rPois    .         Reflect  .   (helmet restricted)
rElec    .         Harm     .   r - +0 cloak
rCorr    .         Rampage  .   (no gloves)
Will     .....     NoTele   +   (no boots)
Stlth    ..........             (no amulet)
HPRegen  0.24/turn              o - +3 ring of intelligence
MPRegen  0.11/turn              p - +3 ring of protection

@: berserk cooldown, slowed, very slow
A: retaliatory headbutt, horns 2
a: Renounce Religion, Berserk, Trog's Hand, Brothers in Arms


You were in the Dungeon.
You worshipped Trog.
Trog was exalted by your worship.
You visited 1 branch

Inventory:

Hand Weapons
 a - a +1 vorpal broad axe (weapon)
Armour
 b - a +4 scale mail (worn)
 c - a +0 kite shield (worn)
 r - a +0 cloak (worn)
Jewellery
 o - a +3 ring of intelligence (left hand)
 p - a +3 ring of protection (right hand)
Scrolls
 j - a scroll of blinking
 l - 3 scrolls of remove curse
 m - 5 scrolls of amnesia
 n - a scroll of summoning
Potions
 d - 3 potions of might
 e - 5 potions of curing
 f - 10 potions of heal wounds
 g - 3 potions of haste
 h - 4 potions of magic
 i - 5 potions of berserk rage
 k - 2 potions of invisibility
 q - a potion of resistance


   Skills:
 + Level 10.8 Fighting
 + Level 13.9 Axes
 + Level 12.6 Armour
 + Level 3.2 Dodging
 + Level 12.8 Shields


You had 8 spell levels left.
You didn't know any spells.
Your spell library was empty.

Dungeon Overview and Level Annotations

Branches:
Dungeon (1/1)

Altars:
Ashenzari
Cheibriados
Dithmenos
Elyvilon
Fedhas
Gozag
Hepliaklqana
Kikubaaqudgha
Makhleb
Nemelex Xobeh
Okawaru
Qazlal
Ru
Sif Muna
Trog
Uskayaw
Vehumet
Wu Jian
Xom
Yredelemnul
Zin
The Shining One
Beogh
Jiyva
Lugonu


Innate Abilities, Weirdness & Mutations

You reflexively headbutt those who attack you in melee.
You have a pair of horns on your head.


Message History

Trog grants you a weapon!
You are no longer berserk.
Trog's vigour flows through your veins.
You are exhausted.
You feel yourself slow down.
There is a huge open gate here.
Things that are here:
a +0 dagger; 2 stones You see here a runed bardiche {god gift}.
You close the huge gate, pushing everything out of the way.
You start resting.
A deep elf zephyrmancer opens the gate.
It is wielding a +0 rapier.
A deep elf zephyrmancer is nearby!
A deep elf zephyrmancer is nearby!
The deep elf zephyrmancer casts a spell at you.
The bolt of lightning hits you!
* * * LOW HITPOINT WARNING * * *
The deep elf zephyrmancer gestures at you while chanting.
The bolt of lightning hits you!!
You die...

########++##########
...............##..#
.....#..#......##..#
..............)''..#
..............e'@))#
.....#..#......##)(......
...............##........
##'#####++###############
......# ......# ......#
..<...# ......#


You could see a deep elf zephyrmancer.

Vanquished Creatures
  A two-headed ogre (D)
  2 kobold demonologists (D)
  A flying skull (D)
  A ynoxinul (D)
  An ogre (D)
  A wolf (D)
  3 big kobolds (D)
  A bullfrog (D)
  4 wights (D)
  3 killer bees (D)
  A gnoll shaman (D)
  An orc wizard (D)
  A worker ant (D)
  A mummy (D)
  3 gnolls (D)
  A river rat (D)
  An ufetubus (D)
  An adder skeleton (D)
  2 leopard geckos (D)
  5 orcs (D)
  A hobgoblin (D)
  5 jackals (D)
  A ball python (D)
  3 kobolds (D)
45 creatures vanquished.

Notes
Turn   | Place    | Note
-------+----------+-------------------------------------------
     0 | D        | mhtbhm the Minotaur Fighter began the quest for the Orb.
     0 | D        | Reached XP level 1. HP: 19/19 MP: 0/0
    43 | D        | Found a bloodstained altar of Trog.
    43 | D        | Found a shimmering blue altar of Sif Muna.
    43 | D        | Found a viscous altar of Jiyva.
    43 | D        | Found a hazy altar of Hepliaklqana.
    43 | D        | Found an opulent altar of Gozag.
    44 | D        | Found a glowing golden altar of the Shining One.
    44 | D        | Found a glowing silver altar of Zin.
    44 | D        | Found a basalt altar of Yredelemnul.
    44 | D        | Found a shimmering altar of Xom.
    44 | D        | Found an ornate altar of the Wu Jian Council.
    44 | D        | Found a sacrificial altar of Ru.
    44 | D        | Found a stormy altar of Qazlal.
    44 | D        | Found an iron altar of Okawaru.
    44 | D        | Found a sparkling altar of Nemelex Xobeh.
    44 | D        | Found a burning altar of Makhleb.
    44 | D        | Found a blossoming altar of Fedhas.
    44 | D        | Found a white marble altar of Elyvilon.
    44 | D        | Found a shadowy altar of Dithmenos.
    44 | D        | Found a snail-covered altar of Cheibriados.
    46 | D        | Found a radiant altar of Vehumet.
    46 | D        | Found a corrupted altar of Lugonu.
    46 | D        | Found a roughly hewn altar of Beogh.
    49 | D        | Became a worshipper of Trog the Wrathful
    64 | D        | Reached * piety under Trog
    65 | D        | Reached XP level 2. HP: 25/28 MP: 1/1
    82 | D        | Reached skill level 5 in Fighting
    82 | D        | Reached skill level 3 in Axes
    82 | D        | Reached skill level 5 in Armour
    82 | D        | Reached skill level 5 in Shields
    82 | D        | Reached XP level 3. HP: 21/36 MP: 2/2
    84 | D        | Reached ** piety under Trog
   300 | D        | Reached *** piety under Trog
   305 | D        | Reached **** piety under Trog
   306 | D        | Reached XP level 4. HP: 44/44 MP: 3/3
   372 | D        | Noticed a wolf
   374 | D        | Noticed an ogre
   379 | D        | Reached skill level 4 in Axes
   379 | D        | Killed a wolf
   380 | D        | Reached skill level 6 in Axes
   380 | D        | Reached skill level 1 in Dodging
   380 | D        | Reached XP level 5. HP: 52/52 MP: 4/4
   382 | D        | Killed an ogre
   383 | D        | Reached skill level 7 in Axes
   383 | D        | Reached XP level 6. HP: 61/61 MP: 5/5
   392 | D        | Reached ***** piety under Trog
   394 | D        | Reached skill level 8 in Axes
   398 | D        | Reached skill level 10 in Armour
   402 | D        | Reached skill level 9 in Axes
   562 | D        | Reached XP level 7. HP: 69/69 MP: 6/6
   563 | D        | Noticed a ynoxinul
   568 | D        | Killed a ynoxinul
   568 | D        | Received a gift from Trog
   569 | D        | Reached skill level 10 in Shields
   584 | D        | Reached skill level 10 in Axes
   760 | D        | Noticed a flying skull
   760 | D        | Noticed a two-headed ogre
   768 | D        | Killed a two-headed ogre
   769 | D        | Reached skill level 12 in Axes
   769 | D        | Reached XP level 8. HP: 79/79 MP: 7/7
   770 | D        | Killed a flying skull
   771 | D        | Reached skill level 10 in Fighting
   882 | D        | Found a hide-covered altar of Uskayaw.
   882 | D        | Found an ancient bone altar of Kikubaaqudgha.
   882 | D        | Found a broken altar of Ashenzari.
   907 | D        | Noticed a kobold demonologist
   909 | D        | Noticed a deep elf zephyrmancer
   909 | D        | Noticed a kobold demonologist
   913 | D        | Noticed a hellwing
   913 | D        | Reached ****** piety under Trog
   915 | D        | Killed a kobold demonologist
   915 | D        | Received a gift from Trog
   916 | D        | Reached skill level 13 in Axes
   922 | D        | Reached XP level 9. HP: 48/86 MP: 8/8
   922 | D        | Killed a kobold demonologist
   931 | D        | Received a gift from Trog
   938 | D        | Killed from afar by a deep elf zephyrmancer

Illustrated notes

Levels and vault maps discovered:
D:        pitsprint [storerooms_1, entrance_room_1, metal_vault_4, armoury_1,
          mini_pit_1, grid_room_1, main_hall_1, silver_pit, the_coven_2,
          the_vestibule_1, steel_vault_4, golden_pit, hallway_of_sentries,
          crystal_vault_1, iron_vault_3, final_vault]

Skill      XL: |  1  2  3  4  5  6  7  8 |
---------------+-------------------------+-----
Fighting       | 4 5 6 7 8 9 10 | 10.8
Armour         | 4 5 6 8 10 11 12 | 12.6
Shields        | 4 5 6 8 9 11 12 | 12.8
Axes           | 3 6 7 9 12 13 | 13.9
Dodging        | 1 2 3 |  3.2

Action                   |  1- 3 |  4- 6 |  7- 9 || total
-------------------------+-------+-------+-------++-------
Melee: Hand axe          |    27 |    30 |     5 ||    62
       Headbutt          |     7 |     9 |    10 ||    26
       War axe           |     1 |       |    33 ||    34
       Broad axe         |       |       |    18 ||    18
Invok: Berserk           |     2 |     1 |     2 ||     5
  Use: Potion            |       |     1 |       ||     1
Armor: Scale mail        |    14 |       |     4 ||    18
       Chain mail        |       |    15 |     9 ||    24
Dodge: Dodged            |    10 |    13 |    16 ||    39
Block: Kite shield       |    22 |    19 |    43 ||    84

Table legend: (Time is in decaauts)
 A = Elapsed time spent in this place.
 B = Non-inter-level travel time spent in this place.
 C = Inter-level travel time spent in this place.
 D = Time resting spent in this place.
 E = Time spent auto-exploring this place.
 F = Levels seen in this place.
 G = Mean time per level.
                   A        B        C        D        E       F      G
               +--------+--------+--------+--------+--------+-----+--------+
         Total |    974 |    974 |      0 |    507 |     78 |   1 |  974.0 |
       Dungeon |    974 |    974 |      0 |    507 |     78 |   1 |  974.0 |
               +--------+--------+--------+--------+--------+-----+--------+

Top non-repeatable levels by time:
       D: 974 daAuts
